AoeStats
← Stanko2026

Glade

503491593Analyzed
1v1 RM · 1mo ago on Aug 31, 2026· 66m 28s· 2 players
Game mode
Random Map
Map size
Tiny (2 player)
Population
200
Speed
Normal
Resources
Standard
Victory
Conquest
Starting age
Dark Age
Ending age
Imperial Age
RankedLock teamsTeams togetherTeam positionsShared explorationLock speedFull tech treeHidden civsTurbo modeCheats
Victory
Defeat
773
+14
🇩🇪 Burgundians · Germany
731
-14
Stanko2026
0:28 Loom
8:10 Horse Collar
12:10 Feudal Age
11:07 Double-Bit Axe
13:10 Bow Saw
13:15 Heavy Plow
24:51 Castle Age
22:52 Fletching
23:03 Padded Archer Armor
23:06 Scale Mail Armor
23:16 Forging
23:55 Stone Mining
23:55 Gold Mining
25:01 Arson
25:11 Crossbowman
28:40 Gold Shaft Mining
27:42 Pikeman
28:27 Squires
31:15 Bodkin Arrow
31:36 Leather Archer Armor
32:19 Chain Mail Armor
32:58 Iron Casting
35:26 Two-Man Saw
35:08 Burgundian Vineyards
40:28 Imperial Age
39:43 Crop Rotation
40:16 Murder Holes
40:42 Ballistics
40:38 Town Watch
42:11 Chemistry
41:53 Hoardings
42:07 Hoardings
41:54 Conscription
42:54 Town Patrol
42:50 Elite Skirmisher
43:23 Treadmill Crane
43:31 Arrowslits
44:25 Stone Shaft Mining
44:47 Bracer
48:48 Coinage
48:31 Guilds
50:17 Halberdier
Compare Guts Dieciochero
7:38 Loom
10:23 Feudal Age
10:57 Double-Bit Axe
12:45 Man-at-Arms
16:31 Scale Mail Armor
16:43 Forging
21:49 Castle Age
20:23 Arson
22:33 Horse Collar
22:34 Long Swordsman
26:06 Squires
27:40 Gold Mining
27:58 Scale Barding Armor
28:30 Stone Mining
31:28 Fletching
32:19 Elite Skirmisher
34:41 Bodkin Arrow
34:52 Padded Archer Armor
34:56 Bodkin Arrow
36:26 Gambesons
37:12 Murder Holes
38:24 Ballistics
38:58 Fortified Wall
43:54 Imperial Age
44:40 Gold Shaft Mining
44:32 Two-Handed Swordsman
47:52 Bracer
48:53 Conscription
51:56 Leather Archer Armor
52:03 Chain Mail Armor
55:21 Plate Mail Armor
55:27 Iron Casting
56:09 Champion
59:56 Heavy Plow
63:02 Chemistry
Connection lost

Rejoining the realm…

Still unreachable

The connection could not be restored.

Session expired

The server has moved on; the page needs a fresh start.